 Dungeon Crawl Stone Soup version 0.29-a0-486-ga88943ba61 (webtiles) character file.

Game seed: 14808763079889344512

162 Colgate the Cutter (level 5, -2/32 HPs)
             Began as a Kobold Brigand on May 26, 2022.
             Slain by Natasha (9 damage)
             ... on level 2 of the Dungeon.
             The game lasted 00:04:31 (2250 turns).

Colgate the Cutter (Kobold Brigand)                 Turns: 2250, Time: 00:04:32

Health: -2/32      AC:  3    Str:  9    XL:     5   Next: 71%
Magic:  5/5        EV: 14    Int: 14    God:
Gold:   58         SH:  0    Dex: 16    Spells: 4/4 levels left

rFire   . . .      SeeInvis .   b - +2 short sword (holy)
rCold   . . .      Faith    .   (no shield)
rNeg    . . .      Spirit   .   f - +0 robe
rPois   .          Reflect  .   (no helmet)
rElec   .          Harm     .   c - +0 cloak
rCorr   .          Rampage  .   (no gloves)
Will    .....                   (no boots)
Stlth   ++++......              (no amulet)
HPRegen 0.10/turn               (no ring)
MPRegen 0.09/turn               (no ring)

@: no status effects
A: small, no large weapons, nightstalker 3
a: no special abilities


You were on level 2 of the Dungeon.
You visited 1 branch of the dungeon, and saw 2 of its levels.

You collected 58 gold pieces.

Inventory:

Hand Weapons
 a - a +2 dagger
 b - a +2 short sword of holy wrath (weapon)
Missiles
 d - 12 poisoned darts (quivered)
 e - 3 curare-tipped darts
Armour
 c - a +0 cloak (worn)
 f - a +0 robe (worn)
Magical Staves
 h - a staff of poison
Scrolls
 g - 3 scrolls of identify {unknown}
 i - a scroll of teleportation {unknown}
 l - a scroll of enchant armour {unknown}
Potions
 j - a potion of ambrosia
 k - a potion of might {unknown}


   Skills:
 - Level 3.2 Fighting
 - Level 6.2 Short Blades
 - Level 2.1 Throwing
 - Level 1.2 Dodging
 + Level 5.9 Stealth


You had 4 spell levels left.
You didn't know any spells.
Your spell library contained the following spells:

 Spells                   Type           Power      Damage    Failure   Level
 Apportation              Tloc           0%         N/A       28%         1
 Alistair's Intoxication  Tmut/Pois      0%         N/A       100%        5


Dungeon Overview and Level Annotations

Branches:
Dungeon (2/15)

Altars:

Annotations:
D:2 1 runed translucent door, Natasha


Innate Abilities, Weirdness & Mutations

You are small and have problems with some larger weapons.
You are completely attuned to the shadows.


Message History

a +0 scale mail; a +0 flail No target in view!
d - 12 poisoned darts (gained 3) No target in view!
Things that are here:
a +0 scale mail; a +0 flail Natasha, Servant of Life and Death comes into view.
A goblin comes into view. It is wielding a staff of cold.
There are monsters nearby!
There are monsters nearby!
Natasha hisses angrily.
The goblin shouts!
Natasha barely misses you.
There are monsters nearby!
Your +2 short sword of holy wrath softly glows with a divine radiance!
b - a +2 short sword of holy wrath (weapon)
Natasha claws you.
A worm comes into view.
You hit the goblin. You closely miss Natasha. Natasha barely misses you.
The goblin hits you but does no damage.
You barely miss Natasha. Your punch misses Natasha. Natasha closely misses you.
The goblin hits you but does no damage.
You barely miss Natasha. Natasha claws you.
The goblin hits you but does no damage.
You closely miss Natasha. Natasha closely misses you.
You miss Natasha. The goblin misses you.
You closely miss Natasha. Natasha claws you. The goblin closely misses you.
You barely miss Natasha. Natasha casts a spell at you.
You resist with some effort.
The goblin hits you with a staff of cold.
You miss Natasha. The worm closely misses you.
Natasha mumbles some strange words.
You feel troubled. Natasha claws you. The goblin completely misses you.
You hit Natasha but do no damage. Natasha claws you!
* * * LOW HITPOINT WARNING * * *
You closely miss Natasha. The goblin misses you. The worm closely misses you.
You closely miss Natasha. Natasha claws you!
You die...

.......#### ####.####
######## #.# #.# #.#
###### ####.###....#
##......<....#
###..##.#...########
.#...###(.......#....
...g@....#...........
...wh##.#...†........
.....................
...................†.
##
.....................
.. .................
.# .....############
.# .....# .#
.....##♣♣♣♣♣


You could see a worm, Natasha and a goblin.

Vanquished Creatures
  Terence (D:2)
  Natasha (twice) (D:2)
  5 adders
  A worm (D:2)
  A dart slug (D:1)
  5 endoplasms
  4 goblins (D:1)
  3 hobgoblins
  3 jackals (D:1)
  3 kobolds
  A quokka (D:1)
  3 ball pythons (D:2)
  3 bats
  4 frilled lizards (D:1)
  4 rats
43 creatures vanquished.

Notes
Turn   | Place    | Note
-------+----------+-------------------------------------------
     0 | D:1      | Colgate the Kobold Brigand began the quest for the Orb.
     0 | D:1      | Reached XP level 1. HP: 12/12 MP: 1/1
    98 | D:1      | Reached skill level 3 in Short Blades
   118 | D:1      | Reached XP level 2. HP: 17/17 MP: 2/2
   194 | D:1      | Reached skill level 4 in Short Blades
   479 | D:1      | Reached XP level 3. HP: 21/21 MP: 3/3
  1357 | D:2      | Reached skill level 5 in Short Blades
  1362 | D:2      | Reached XP level 4. HP: 13/26 MP: 4/4
  1568 | D:2      | Noticed Terence
  1572 | D:2      | Killed Terence
  1573 | D:2      | Reached skill level 6 in Short Blades
  1718 | D:2      | Noticed Natasha
  1724 | D:1      | Reached XP level 5. HP: 31/31 MP: 5/5
  1841 | D:2      | Killed Natasha
  2096 | D:2      | Noticed Natasha
  2107 | D:2      | Killed Natasha
  2111 | D:2      | Found a runed translucent door.
  2234 | D:2      | Noticed Natasha
  2250 | D:2      | Slain by Natasha

Illustrated notes

Levels and vault maps discovered:
D:1:      dpeg_arrival_yet_another_circle, layout_basic, minmay_misc_feat_cross,
          minmay_tromino_v4_b
D:2:      layout_rooms, uniq_natasha, uniq_terence, uniq_crazy_yiuf_cottage

Skill      XL: |  1  2  3  4  5 |
---------------+----------------+-----
Short Blades   | 3 4 5 6 |  6.2
Fighting       | 3 |  3.2
Throwing       | |  2.1
Dodging        | |  1.2
Stealth        | |  5.9

Action                   |  1- 3 |  4- 6 || total
-------------------------+-------+-------++-------
Melee: Dagger            |    24 |     4 ||    28
       Short sword       |    41 |    62 ||   103
       Punch             |     2 |       ||     2
  Use: Potion            |       |     1 ||     1
 Stab: Sleeping          |    17 |     2 ||    19
Armor: Robe              |    10 |    16 ||    26
Dodge: Dodged            |    32 |    45 ||    77

Table legend: (Time is in decaauts)
 A = Elapsed time spent in this place.
 B = Non-inter-level travel time spent in this place.
 C = Inter-level travel time spent in this place.
 D = Time resting spent in this place.
 E = Time spent auto-exploring this place.
 F = Levels seen in this place.
 G = Mean time per level.
                   A        B        C        D        E       F      G
               +--------+--------+--------+--------+--------+-----+--------+
         Total |   2213 |   2175 |     38 |      0 |   1831 |   2 | 1106.5 |
       Dungeon |   2213 |   2175 |     38 |      0 |   1831 |   2 | 1106.5 |
               +--------+--------+--------+--------+--------+-----+--------+

Top non-repeatable levels by time:
     D:1: 1468 daAuts
     D:2: 745 daAuts
